 Dungeon Crawl Stone Soup version 0.27-a0-686-gaed091b46b (webtiles) character file.

Game seed: 8551326725796759328

80 DarkShadow the Ruffian (level 4, -6/44 HPs)
             Began as a Troll Fighter on Mar 21, 2021.
             Killed by nerve-wracking pain
             ... invoked by an orc priest
              (12 damage)
             ... on level 2 of the Dungeon.
             The game lasted 00:03:35 (1178 turns).

DarkShadow the Ruffian (Troll Fighter)              Turns: 1178, Time: 00:03:38

Health: -6/44      AC:  4    Str: 25    XL:     4   Next: 18%
Magic:  3/3        EV:  8    Int:  4    God:
Gold:   112        SH:  0    Dex:  9    Spells: 3/3 levels left

rFire    . . .     SeeInvis .     - Unarmed
rCold    . . .     Faith    .   b - +0 kite shield
rNeg     . . .     Spirit   .   a - +0 robe
rPois    .         Reflect  .   (helmet restricted)
rElec    .         Harm     .   (no cloak)
rCorr    .         Rampage  .   (gloves unavailable)
Will     +....                  (boots unavailable)
Stlth    ++........             (no amulet)
HPRegen  1.14/turn              (no ring)
MPRegen  0.08/turn              (no ring)

@: confused
A: large, unfitting armour, claws 3, regeneration 1, shaggy fur 1, tough skin 1,
camouflage 1, deterioration 1, strong-willed 1
a: no special abilities


You were on level 2 of the Dungeon.
You visited 1 branch of the dungeon, and saw 2 of its levels.

You collected 112 gold pieces.

Inventory:

Armour
 a - a +0 robe (worn)
 b - a +0 kite shield (worn)
Jewellery
 k - a ring of ice
Scrolls
 d - a scroll of immolation {unknown}
 i - a scroll of identify {unknown}
 j - a scroll of amnesia {unknown}
 l - a scroll of enchant weapon {unknown}
Potions
 c - a potion of might
 f - a potion of curing {unknown}
 g - a potion of attraction {unknown}
 h - a potion of flight {unknown}


   Skills:
 + Level 2.7 Fighting
 + Level 2.9 Dodging
 + Level 3.0 Shields
 + Level 3.1 Unarmed Combat


You had 3 spell levels left.
You didn't know any spells.
Your spell library was empty.

Dungeon Overview and Level Annotations

Branches:
Dungeon (2/15)

Altars:


Innate Abilities, Weirdness & Mutations

You are too large for most types of armour.
You have claws for hands.
Your natural rate of healing is unusually fast.
You are covered in fur. (AC +1)
You have tough skin. (AC +1)
Your skin changes colour to match your surroundings (Stealth+).
Your body sometimes deteriorates upon taking damage.
You are strong-willed. (Will+)


Message History

The orc wizard freezes you.
You scratch the orc priest but do no damage.
The orc priest is heavily wounded.
The orc wizard casts a spell at itself.
The orc wizard flickers and vanishes!
Deactivating autopickup; reactivate with Ctrl-A.
The orc wizard closely misses you. The orc priest hits you with a +0 whip.
You claw something!
Reactivating autopickup.
You feel a bit more experienced.
The orc wizard points at you and mumbles some strange words.
You are more confused.
The orc priest hits you with a +0 whip.
Your Shields skill increases to level 3!
Your Unarmed Combat skill increases to level 3!
You have reached level 4!
You miss the orc wizard.
The orc wizard points at itself and mumbles some strange words.
The orc wizard flickers and vanishes!
Deactivating autopickup; reactivate with Ctrl-A.
The orc priest hits you with a +0 whip.
You bump into the rock wall.
Something hits you!
* * * LOW HITPOINT WARNING * * *
Something freezes you.
* * * LOW HITPOINT WARNING * * *
The orc priest hits you with a +0 whip.
* * * LOW HITPOINT WARNING * * *
You bump into the rock wall.
Something hits you.
* * * LOW HITPOINT WARNING * * *
Something freezes you.
* * * LOW HITPOINT WARNING * * *
The orc priest barely misses you.
It was a potion of mutation.
You feel extremely strange.
You feel yourself wasting away.
Your skin functions as natural camouflage.
You feel strong-willed. Something completely misses you.
The orc priest mumbles some strange prayers to Beogh against you.
Pain shoots through your body!
You die...

....... ..... .....
... ... ## #.# .)
#.# #.####)#
#..@{.$### ###
#...o>[..#### #<.
#...........######..
######[#.##.........
#.#.#####......
###.#....##.#....
#........†.......
#.#.........###..
###.####### ###


You could see an orc priest.

Vanquished Creatures
  Jessica (D:2)
  An orc wizard (D:2)
  2 worms (D:2)
  An orc (D:2)
  A giant cockroach (D:2)
  A hobgoblin (D:2)
  2 jackals (D:2)
  A quokka (D:2)
  5 bats
  3 frilled lizards
  2 goblins (D:1)
  3 kobolds
  A rat (D:2)
24 creatures vanquished.

Notes
Turn   | Place    | Note
-------+----------+-------------------------------------------
     0 | D:1      | DarkShadow the Troll Fighter began the quest for the Orb.
     0 | D:1      | Reached XP level 1. HP: 22/22 MP: 0/0
   775 | D:2      | Reached XP level 2. HP: 29/29 MP: 1/1
  1054 | D:2      | Noticed Jessica
  1061 | D:2      | Killed Jessica
  1062 | D:2      | Reached XP level 3. HP: 36/36 MP: 2/2
  1174 | D:2      | Reached XP level 4. HP: 19/44 MP: 3/3
  1178 | D:2      | Gained mutation: Your body sometimes deteriorates upon
                  | taking damage. [potion of mutation]
  1178 | D:2      | Gained mutation: Your skin changes colour to match your
                  | surroundings (Stealth+). [potion of mutation]
  1178 | D:2      | Gained mutation: You are strong-willed. (Will+) [potion of
                  | mutation]
  1178 | D:2      | Killed from afar by an orc priest

Illustrated notes

Levels and vault maps discovered:
D:1:      dpeg_arrival_water_temple_mockup, layout_basic, minmay_pentomino_r4
D:2:      layout_loops_ring, uniq_crazy_yiuf_cottage, uniq_jessica

Skill      XL: |  1  2  3 |
---------------+----------+-----
Shields        | 3 |  3.0
Unarmed Combat | 3 |  3.1
Fighting       | |  2.7
Dodging        | |  2.9

Action                   |  1- 3 |  4- 6 || total
-------------------------+-------+-------++-------
Melee: Unarmed           |    58 |     1 ||    59
  Use: Potion            |       |     1 ||     1
Armor: Robe              |    11 |       ||    11
Dodge: Dodged            |    16 |     2 ||    18
Block: Kite shield       |    26 |       ||    26

Table legend: (Time is in decaauts)
 A = Elapsed time spent in this place.
 B = Non-inter-level travel time spent in this place.
 C = Inter-level travel time spent in this place.
 D = Time resting spent in this place.
 E = Time spent auto-exploring this place.
 F = Levels seen in this place.
 G = Mean time per level.
                   A        B        C        D        E       F      G
               +--------+--------+--------+--------+--------+-----+--------+
         Total |   1188 |   1188 |      0 |      0 |    750 |   2 |  594.0 |
       Dungeon |   1188 |   1188 |      0 |      0 |    750 |   2 |  594.0 |
               +--------+--------+--------+--------+--------+-----+--------+

Top non-repeatable levels by time:
     D:1: 764 daAuts
     D:2: 423 daAuts
